 Dungeon Crawl Stone Soup version 0.17-a0-1642-gd4b747b (webtiles) character file.

49559 maniek23 the Tortoise (level 14, -4/130 HPs)
             Began as a Minotaur Fighter on Aug 8, 2015.
             Killed from afar by a fire drake (26 damage)
             ... with a blast of flame
             ... on level 7 of the Lair of Beasts.
             The game lasted 01:09:40 (19995 turns).

maniek23 the Tortoise (Minotaur Fighter)           Turns: 19995, Time: 01:09:40

Health: -4/130     AC: 28    Str: 32    XL:     14   Next: 16%
Magic:  14/14      EV: 11    Int:  5    God:
Gold:   1195       SH: 14    Dex: 12    Spells: 0 memorised, 13 levels left

rFire  . . .     SeeInvis .     a - +10 short sword "Utootaa" {freeze, +Fly rC+ Str+2}
rCold  + . .     Clarity  .     W - +9 plate armour "Surghiula" {Str+6}
rNeg   . . .     SustAt   .     c - +0 shield
rPois  +         Gourm    .     F - +0 hat
rElec  .         Spirit   .     M - +0 cloak
rCorr  .         Warding  .     f - +1 pair of gloves
rMut   .         Stasis   +     V - +1 pair of boots
MR     +....                    p - amulet of stasis
Stlth  ..........               E - +2 ring of evasion
                                Q - ring of poison resistance

@: somewhat resistant to hostile enchantments, extremely unstealthy
A: retaliatory headbutt, horns 2, deformed body, low mp 1, spit poison 1
a: Spit Poison, Evoke Flight


You were on level 7 of the Lair of Beasts.
You were hungry.

You visited 3 branches of the dungeon, and saw 19 of its levels.
You also visited: Sewer, Ice Cave and Volcano.

You collected 1474 gold pieces.
You spent 279 gold pieces at shops.

Inventory:

Hand weapons
 a - the +10 short sword "Utootaa" (weapon) {freeze, +Fly rC+ Str+2}
   (You found it on level 8 of the Dungeon)

   It has been specially enchanted to freeze those struck by it, causing extra
   injury to most foes and up to half again as much damage against particularly
   susceptible opponents.
   It can also slow down cold-blooded creatures.
   It affects your strength (+2).
   It protects you from cold.
   It lets you fly.
 b - a +0 hand crossbow
 s - a +2 hand axe of chopping
Missiles
 O - 84 bolts
 P - 2 throwing nets (quivered)
Armour
 c - a +0 shield (worn)
 f - a +1 pair of gloves (worn)
 F - a +0 hat (worn)
 M - a +0 cloak (worn)
 S - a +0 crystal plate armour
 V - a +1 pair of boots (worn)
 W - the +9 plate armour "Surghiula" (worn) {Str+6}
   (You found it on level 10 of the Dungeon)

   It affects your strength (+6).
Jewellery
 i - an uncursed ring of positive energy
 p - an amulet of stasis (around neck)
 v - an uncursed amulet of warding
 E - a +2 ring of evasion (right hand)
 Q - a ring of poison resistance (left hand)
Magical devices
 h - a wand of random effects (24)
 o - a wand of confusion (24)
 t - a wand of disintegration (14)
 x - a wand of draining (4)
 B - a wand of teleportation (3)
 D - a wand of fire (5)
Scrolls
 d - 3 scrolls of fear
 l - 6 scrolls of magic mapping
 q - 7 scrolls of blinking
 r - a scroll of recharging {unknown}
 u - 2 scrolls of enchant armour {unknown}
 w - a scroll of acquirement {unknown}
 y - 2 scrolls of fog {unknown}
 z - 9 scrolls of remove curse
 C - 2 scrolls of immolation {unknown}
 H - 5 scrolls of teleportation {unknown}
 I - 5 scrolls of random uselessness {unknown}
 K - 4 scrolls of enchant weapon {unknown}
 Z - 3 scrolls of amnesia {unknown}
Potions
 k - 10 potions of curing
 m - 4 potions of flight
 A - 4 potions of brilliance
 J - a potion of mutation
 L - 2 potions of agility
 R - 4 potions of berserk rage
 U - 3 potions of magic
 X - 3 potions of might
 Y - 2 potions of haste
Books
 G - a book of Hinderance

   Spells                             Type                      Level
   a - Confusing Touch                Hexes                        2
   b - Confuse                        Hexes                        3
   c - Gell's Gravitas                Hexes/Translocation          3
   d - Petrify                        Transmutation/Earth          4
   e - Metabolic Englaciation         Hexes/Ice                    5
Comestibles
 e - 12 bread rations
 g - 7 meat rations
 j - 15 fruits
 n - a slice of pizza
 N - 3 royal jellies
 T - 7 chunks of flesh


   Skills:
 + Level 13.9 Fighting
 + Level 10.6 Short Blades
 - Level 8.0 Axes
 + Level 1.5 Crossbows
 * Level 16.1 Armour
 + Level 1.5 Dodging
 + Level 13.9 Shields
 + Level 4.3 Evocations


You had 13 spell levels left.
You didn't know any spells.

Dungeon Overview and Level Annotations

Branches:
Dungeon (11/15)            Temple (1/1) D:5            Lair (7/8) D:11
  Swamp (0/4) Lair:3        Snake (0/4) Lair:4
  Slime: Lair:6-8       Orc: D:9-12

Altars:
Ashenzari
Cheibriados
Dithmenos
Elyvilon
Fedhas
Gozag
Kikubaaqudgha
Makhleb
Nemelex Xobeh
Okawaru
Qazlal
Ru
Sif Muna
Trog
Vehumet
Xom
Yredelemnul
Zin
The Shining One

Shops:
D:4 ?   D:5 [   D:7 [

Portals:
Trove: D:10 (show abyssal rune of Zot)


Innate Abilities, Weirdness & Mutations

You reflexively headbutt those who attack you in melee.
You have a pair of horns on your head.
Armour fits poorly on your strangely shaped body.
Your magical capacity is low (-10% MP).
You can spit weak poison.


Message History

Zapping:
B - a wand of teleportation (will waste charges)
Press: ? - help, Shift-Dir - straight line, f - you You cannot teleport because you are wearing an amulet of stasis.
You closely miss the basilisk. Your headbutt misses the basilisk.
The basilisk is heavily wounded.
You block the wyvern's attack. The basilisk bites you!
* * * LOW HITPOINT WARNING * * *
The fire drake misses you.
You barely miss the basilisk. You headbutt the basilisk!
The basilisk is severely wounded.
The wyvern hisses menacingly.
The wyvern bites you but does no damage.
The fire drake breathes flames at you. The blast of flame hits you!
* * * LOW HITPOINT WARNING * * *
The wyvern bites you but does no damage.
You block the wyvern's attack. The fire drake breathes flames at you.
The blast of flame hits you!
You die...

### ##
####.############
.#####?PP.....#P..#..#
..##................##
...##............<...#
...P.................#
÷...........>..<.....##
.##...................#
..##............@...###
###..#####...........#
#### #......llk..#
#.P....k'#.##
####...†...#
...(.....##
#.........##
#..........##
#..........†####


You could see a basilisk, 2 fire drakes and a wyvern.

Vanquished Creatures
  Nessos (Lair:5)
  Josephine (Lair:5)
  An ice dragon (Lair:6)
  4 hydras
  A catoblepas (Lair:6)
  3 death yaks
  A hell knight (Volcano)
  An ice devil (IceCv)
  4 hill giants
  3 ice statues (IceCv)
  Pikel (D:9)
  A necromancer (IceCv)
  4 lindwurms (Lair:3)
  A manticore (D:11)
  2 griffons
  3 ugly things (D:11)
  2 molten gargoyles (Volcano)
  5 elephants (Lair:5)
  2 gargoyles (D:11)
  2 toenail golems (Volcano)
  A torpor snail (Lair:7)
  Psyche (D:11)
  2 black mambas
  5 spiny frogs
  2 komodo dragons
  2 red devils (Volcano)
  5 trolls
  A polar bear (Lair:6)
  6 blue devils (IceCv)
  2 fire drakes
  17 blink frogs
  A boulder beetle (Lair:5)
  A spriggan (D:7)
  5 wraiths
  2 water elementals (D:11)
  4 basilisks
  2 wyverns
  23 yaks
  Grum (D:11)
  3 fire bats (Volcano)
  3 nagas (Lair:4)
  9 hippogriffs
  2 hungry ghosts
  Menkaure (D:7)
  8 wolves
  3 vampire mosquitoes (D:9)
  15 water moccasins
  A hell hound (Lair:7)
  5 porcupines
  Duvessa (D:4)
  Purgy (Sewer)
  A swamp drake (Lair:3)
  7 orc warriors
  3 sky beasts
  4 ogres
  4 black bears
  11 crocodiles
  2 necrophages
  A centaur (D:6)
  2 gnoll sergeants
  2 big kobolds
  Dowan (D:4)
  12 giant frogs
  4 scorpions
  6 electric eels
  13 wights
  5 crimson imps
  A draconian simulacrum (IceCv)
  A giant frog zombie (D:7)
  9 hounds
  3 lava snakes (Volcano)
  Crazy Yiuf (D:4)
  2 gnoll shamans
  A giant frog skeleton (D:11)
  11 iguanas
  7 orc priests
  6 worker ants
  10 orc wizards
  2 spriggan simulacra (IceCv)
  18 sheep
  3 troll simulacra (IceCv)
  A centaur simulacrum (IceCv)
  2 hound skeletons (D:10)
  A worker ant zombie (D:6)
  25 gnolls
  2 naga simulacra (IceCv)
  22 river rats
  An ogre simulacrum (IceCv)
  10 adders
  2 shadow imps
  3 adder zombies
  4 worms
  31 orcs
  7 bats
  6 giant cockroaches
  7 goblins
  7 hobgoblins
  2 jackals (D:7)
  2 quokkas
  A ball python (D:5)
  7 giant geckos
  4 giant newts
  A jackal skeleton (D:4)
  19 kobolds
  A quokka skeleton (D:5)
  11 rats
510 creatures vanquished.

Vanquished Creatures (others)
  6 fungi
  6 plants
12 creatures vanquished.

Grand Total: 522 creatures vanquished

Notes
Turn   | Place    | Note
--------------------------------------------------------------
     0 | D:1      | maniek23 the Minotaur Fighter began the quest for the Orb.
     0 | D:1      | Reached XP level 1. HP: 19/19 MP: 0/0
   255 | D:1      | Reached XP level 2. HP: 27/27 MP: 1/1
   753 | D:2      | Reached skill level 4 in Fighting
   791 | D:2      | Reached XP level 3. HP: 33/33 MP: 2/2
   883 | D:2      | Reached XP level 4. HP: 15/41 MP: 3/3
  2032 | D:3      | Reached XP level 5. HP: 44/47 MP: 4/4
  2195 | D:3      | You fall through a shaft for 2 floors!
  2195 | D:5      | Entered Level 5 of the Dungeon
  2198 | D:5      | Found a staircase to the Ecumenical Temple.
  2204 | Temple   | Entered the Ecumenical Temple
  2330 | D:5      | Reached skill level 5 in Fighting
  2574 | D:5      | Reached skill level 5 in Armour
  2576 | D:5      | Noticed a sky beast
  2681 | D:5      | Found Otwabok's Antique Armour Boutique.
  2689 | D:5      | Bought a runed scale mail for 84 gold pieces
  2730 | D:5      | Reached skill level 5 in Shields
  2730 | D:5      | Reached XP level 6. HP: 49/56 MP: 5/5
  2772 | D:5      | Killed a sky beast
  2956 | D:4      | Noticed Dowan
  2957 | D:4      | Noticed Duvessa
  2972 | D:4      | Killed Duvessa
  2972 | D:4      | Reached skill level 5 in Axes
  2972 | D:4      | Reached XP level 7. HP: 15/62 MP: 6/6
  2974 | D:4      | Killed Dowan
  3046 | D:4      | Found a glowing drain.
  3096 | Sewer    | Entered a sewer
  3201 | Sewer    | Noticed Purgy
  3213 | Sewer    | Killed Purgy
  3213 | Sewer    | Reached skill level 6 in Fighting
  3799 | D:4      | Found Toadghus's Magic Scroll Emporium.
  3806 | D:4      | Bought a scroll of identify for 26 gold pieces
  3806 | D:4      | Bought a scroll of remove curse for 39 gold pieces
  3922 | D:4      | Found a glowing golden altar of the Shining One.
  4229 | D:4      | Noticed Crazy Yiuf
  4236 | D:4      | Killed Crazy Yiuf
  5391 | D:6      | Reached XP level 8. HP: 66/71 MP: 7/7
  5787 | D:6      | Reached skill level 7 in Fighting
  6173 | D:6      | Found a stormy altar of Qazlal.
  6474 | D:7      | Found Heenad's Antique Armour Boutique.
  6518 | D:7      | Bought a pair of glowing boots for 130 gold pieces
  6552 | D:7      | Got an ominously black robe
  6568 | D:7      | Identified the +2 robe of Virtue {rF- Int+3 Dex+9} (You found it on level 7 of the Dungeon)
  6592 | D:7      | Noticed Menkaure
  6604 | D:7      | Killed Menkaure
  6604 | D:7      | Reached skill level 8 in Armour
  6604 | D:7      | Reached XP level 9. HP: 67/81 MP: 8/8
  7288 | D:8      | Got a crystal short sword
  7289 | D:8      | Identified the +10 short sword "Utootaa" {freeze, +Fly rC+ Str+2} (You found it on level 8 of the Dungeon)
  7373 | D:8      | Gained mutation: You have supernaturally acute eyesight. [potion of beneficial mutation]
  7374 | D:8      | Gained mutation: You have sharp toenails. [potion of beneficial mutation]
  7437 | D:8      | Reached skill level 9 in Fighting
  7464 | D:8      | Reached skill level 1 in Short Blades
  8391 | D:9      | Noticed Pikel
  8410 | D:9      | Killed Pikel
  8410 | D:9      | Reached XP level 10. HP: 84/92 MP: 9/9
  8544 | D:9      | Reached skill level 10 in Fighting
  8591 | D:9      | Found a deep blue altar of Sif Muna.
  8597 | D:9      | Reached skill level 10 in Armour
  8844 | D:10     | Entered Level 10 of the Dungeon
  8918 | D:10     | Got a heavy robe
  8929 | D:10     | Identified the cursed +1 robe "Anuluadu" {rElec rCorr Dex+6} (You found it on level 10 of the Dungeon)
  8981 | D:10     | Reached skill level 10 in Shields
  9250 | D:10     | Noticed a hill giant
  9275 | D:10     | Killed a hill giant
  9275 | D:10     | Reached skill level 5 in Short Blades
  9833 | D:10     | Found a portal to a secret trove of treasure.
  9920 | D:10     | Found a shadowy altar of Dithmenos.
  9932 | D:10     | Got a jade-encrusted plate armour
  9955 | D:10     | Identified the +9 plate armour "Surghiula" {Str+6} (You found it on level 10 of the Dungeon)
 10255 | D:11     | Reached XP level 11. HP: 76/101 MP: 10/10
 10297 | D:11     | Noticed a manticore
 10304 | D:11     | Killed a manticore
 10304 | D:11     | Reached skill level 11 in Armour
 10332 | D:11     | Noticed a hill giant
 10369 | D:11     | Killed a hill giant
 10396 | D:11     | Noticed a hill giant
 10397 | D:11     | Found a staircase to the Lair.
 10442 | D:11     | Killed a hill giant
 10915 | D:11     | Noticed a hill giant
 10928 | D:11     | Killed a hill giant
 11105 | D:11     | Noticed a green ugly thing
 11109 | D:11     | Noticed a purple ugly thing
 11117 | D:11     | Killed a green ugly thing
 11136 | D:11     | Killed a purple ugly thing
 11138 | D:11     | Reached skill level 12 in Armour
 11179 | D:11     | Noticed a cyan ugly thing
 11192 | D:11     | Killed a cyan ugly thing
 11397 | Lair:1   | Entered Level 1 of the Lair of Beasts
 11595 | D:11     | Noticed Grum
 11599 | D:11     | Noticed Psyche
 11609 | D:11     | Killed Grum
 11635 | D:11     | Killed Psyche
 11781 | Lair:1   | Found a dark tunnel.
 11790 | Volcano  | Entered a volcano
 11930 | Volcano  | Reached XP level 12. HP: 112/112 MP: 11/11
 12082 | Volcano  | Found a radiant altar of Vehumet.
 12082 | Volcano  | Noticed a hell knight
 12120 | Volcano  | Killed a hell knight
 12120 | Volcano  | Reached skill level 13 in Armour
 13207 | Lair:1   | Got a steaming scale mail
 13232 | Lair:1   | Identified the +1 scale mail "Saummousch" {+Fly rElec MR- Slay+3} (You found it on level 1 of the Lair of Beasts)
 14579 | Lair:3   | Found a staircase to the Swamp.
 14643 | Lair:3   | Noticed a six-headed hydra
 14653 | Lair:3   | Killed a six-headed hydra
 14731 | Lair:3   | Reached skill level 14 in Armour
 15223 | Lair:3   | Reached skill level 1 in Evocations
 15552 | Lair:4   | Reached XP level 13. HP: 122/122 MP: 11/13
 15565 | Lair:4   | Found a staircase to the Snake Pit.
 16706 | Lair:5   | Noticed Nessos
 16737 | Lair:5   | Killed Nessos
 17080 | Lair:5   | Gained mutation: You are frail (-10% HP). [potion of mutation]
 17081 | Lair:5   | Lost mutation: You are frail (-10% HP). [potion of cure mutation]
 17081 | Lair:5   | Lost mutation: You have supernaturally acute eyesight. [potion of cure mutation]
 17081 | Lair:5   | Lost mutation: You have sharp toenails. [potion of cure mutation]
 17082 | Lair:5   | Gained mutation: You can spit weak poison. [potion of mutation]
 17082 | Lair:5   | Gained mutation: Armour fits poorly on your strangely shaped body. [potion of mutation]
 17082 | Lair:5   | Gained mutation: Your magical capacity is low (-10% MP). [potion of mutation]
 17095 | Lair:5   | Noticed Josephine
 17122 | Lair:5   | Killed Josephine
 17122 | Lair:5   | Reached skill level 15 in Armour
 17582 | Lair:5   | Reached skill level 10 in Short Blades
 18437 | Lair:6   | Found a frozen archway.
 18509 | IceCv    | Entered an ice cave
 19027 | IceCv    | Got a shadowed robe
 19038 | IceCv    | Identified the cursed +1 robe of Pearo {rElec MR+ Slay-4} (You found it in an ice cave)
 19768 | Lair:6   | Reached XP level 14. HP: 130/130 MP: 14/14
 19776 | Lair:6   | Reached skill level 16 in Armour
 19861 | Lair:7   | Reached skill level 1 in Crossbows
 19861 | Lair:7   | Reached skill level 1 in Dodging
 19995 | Lair:7   | Killed from afar by a fire drake

Vault maps used:
D:1:      dpeg_arrival_shrine
D:3:      minmay_stone_trees_small
D:4:      black_bear_nest_2, gup_sewer_entry_bowl, serial_shops, shop,
          tso_metal_star, uniq_crazy_yiuf_cottage, uniq_duvessa
D:5:      minmay_temple_entry_metal_lava, serial_shops, nicolae_shop_trees,
          first_bread, corner_web_ring, kennysheep_small_spiral, fountainhead,
          hangedman_decor_growths, lemuel_statue_altar
D:6:      lemuel_coloured_pillars_altar
D:7:      serial_shops, shop, the_bakery, uniq_menkaure
D:8:      kennysheep_diamond, minmay_misc_feat_alley, grunt_decor_cap
D:9:      kennysheep_orc_sif_temple, hangedman_abyss_or_decor_lesser_grid,
          uniq_pikel
D:10:     serial_co_window_serial, co_window_corner_a, co_window_paths_a,
          co_window_of_opportunity_a, co_window_of_opportunity_a,
          co_window_corner_a, co_window_of_opportunity_a, co_window_cross_1,
          co_window_broadway_a, co_window_corner_ca, co_window_of_opportunity_c,
          co_window_corner_cb, co_window_sun, co_window_4corner_a,
          glass_columns_a, basic_altar, trove_entry_hex_spiral
D:11:     erik_lair_island, uniq_grum, uniq_psyche
Temple:   grunt_circular_temple_18
Lair:1:   enter_volcano_1, columned_hall_lemuel, serial_bayou_shore_b,
          serial_bayou_shore_a
Lair:3:   minmay_swamp_entry_reptiles, minmay_lindwurm_lava
Lair:4:   minmay_snake_entry_guardpost_small, serial_bayou_ford_a,
          cheibrodos_lair_caveside_slide, cheibrodos_lair_reptile_den
Lair:5:   uniq_josephine, uniq_nessos
Lair:6:   portal_ice_cave_entry_animals_and_master
Lair:7:   special_room, bh_chokoban, grunt_forest_large_clearings,
          bh_autumn_forest_stairs
Sewer:    kennysheep_door_sewer
IceCv:    ice_cave_tombish
Volcano:  volcano_lake

Action                   |  1- 3 |  4- 6 |  7- 9 | 10-12 | 13-15 || total
-------------------------+-------+-------+-------+-------+-------++-------
Melee: War axe           |    70 |   123 |   256 |       |       ||   449
       Short sword       |       |       |    78 |   712 |   589 ||  1379
       Hand axe          |       |       |       |    14 |       ||    14
 Fire: Hand crossbow     |       |       |       |       |     3 ||     3
Throw: Stone             |     6 |    24 |    10 |    13 |       ||    53
       Throwing net      |       |       |       |     1 |       ||     1
 Abil: Evoke Flight      |       |       |       |     1 |       ||     1
       Spit Poison       |       |       |       |       |     1 ||     1
Evoke: Wand              |       |       |       |     3 |     1 ||     4
  Use: Potion            |       |     2 |     2 |     3 |     3 ||    10
       Scroll            |       |       |     6 |     4 |    10 ||    20
  Eat: Bread ration      |       |     2 |     2 |     1 |       ||     5
       Chunk             |       |       |     5 |    17 |     8 ||    30
       Beef jerky        |       |       |     1 |       |     2 ||     3
       Fruit             |       |       |       |     2 |       ||     2
       Pizza             |       |       |       |       |     2 ||     2
